 Seeded DCSS version 0.30-a0-715-gdb4ae3ece1 (webtiles) character file.

Game seed: 10612473497621459800 (custom seed)

58 purpskrrrp the Firebug (level 3, 0/19 HPs)
             Began as a Deep Elf Fire Elementalist on Jan 24, 2023.
             Slain by a jackal (2 damage)
             ... on level 3 of the Dungeon.
             The game lasted 00:01:24 (1777 turns).

purpskrrrp the Firebug (Deep Elf Fire Elementalist) Turns: 1777, Time: 00:01:25

Health: 0/19       AC:  2    Str:  5    XL:     3   Next: 76%
Magic:  2/10       EV: 13    Int: 21    God:
Gold:   131        SH:  0    Dex: 15    Spells: 8/9 levels left

rFire   . . .      SeeInvis .    j - +0 long sword
rCold   . . .      Faith    .    (no shield)
rNeg    . . .      Spirit   .    a - +0 robe
rPois   .          Reflect  .    (no helmet)
rElec   .          Harm     .    (no cloak)
rCorr   .          Rampage  .    (no gloves)
Will    .....                    (no boots)
Stlth   ++                       (no amulet)
HPRegen 0.23/turn                (no ring)
MPRegen 0.12/turn                (no ring)

@: no status effects
A: no striking features
a: no special abilities


You were on level 3 of the Dungeon.
You visited 1 branch of the dungeon, and saw 3 of its levels.

You collected 131 gold pieces.

Inventory:

Hand Weapons
 j - a +0 long sword (weapon)
Armour
 a - a +0 robe (worn)
Jewellery
 c - a +5 ring of evasion
 h - a ring of fire
 o - a +5 ring of evasion
Scrolls
 f - a scroll of brand weapon {unknown}
 g - a scroll of teleportation {unknown}
 l - a scroll of blinking {unknown}
 m - a scroll of identify {unknown}
 n - 3 scrolls of immolation {unknown}
 q - a scroll of torment {unknown}
Potions
 b - a potion of magic
 d - 2 potions of ambrosia {unknown}
 e - a potion of cancellation {unknown}
 i - 2 potions of degeneration {unknown}
 k - 2 potions of attraction {unknown}
 p - a potion of lignification {unknown}


   Skills:
 + Level 3.1 Dodging
 - Level 2.4 Stealth
 + Level 3.6 Spellcasting
 * Level 2.6 Conjurations
 + Level 3.7 Fire Magic


You had 8 spell levels left.
You knew the following spells:

 Your Spells              Type           Power      Damage    Failure   Level
a - Foxfire               Conj/Fire      68%        2x1d7     3%          1

Your spell library contained the following spells:

 Spells                   Type           Power      Damage    Failure   Level
 Magic Dart               Conj           60%        1d6       4%          1
 Scorch                   Fire           38%        2d6       4%          2
 Momentum Strike          Conj/Tloc      18%        3d8       11%         2
 Inner Flame              Hex/Fire       11%        N/A       17%         3
 Blink                    Tloc           6%         N/A       19%         2
 Call Imp                 Summ           3%         N/A       19%         2
 Lesser Beckoning         Tloc           6%         N/A       19%         2
 Kindle Blastsparks       Fire/Tloc/Air  18%        2d11      22%         3
 Stone Arrow              Conj/Erth      18%        3d8       22%         3
 Mephitic Cloud           Conj/Pois/Air  7%         N/A       26%         3
 Flame Wave               Conj/Fire      17%        2d7       32%         4
 Animate Armour           Summ/Erth      6%         N/A       77%         4
 Lehudib's Crystal Spear  Conj/Erth      4%         10d3      100%        8


Dungeon Overview and Level Annotations

Branches:
Dungeon (3/15)

Altars:

Shops:
D:2 (


Message History

The jackal bites you but does no damage.
You are too injured to fight recklessly!
You are too injured to fight recklessly!
You are too injured to fight recklessly!
You are too injured to fight recklessly!
You are too injured to fight recklessly!
You are too injured to fight recklessly!
You are too injured to fight recklessly!
You are too injured to fight recklessly!
You are too injured to fight recklessly!
You are too injured to fight recklessly!
You are too injured to fight recklessly!
You are too injured to fight recklessly!
You are too injured to fight recklessly!
You are too injured to fight recklessly!
You are too injured to fight recklessly!
You are too injured to fight recklessly!
You are too injured to fight recklessly!
You are too injured to fight recklessly!
You are too injured to fight recklessly!
You are too injured to fight recklessly!
You are too injured to fight recklessly!
You are too injured to fight recklessly!
You are too injured to fight recklessly!
You are too injured to fight recklessly!
You are too injured to fight recklessly!
You are too injured to fight recklessly!
You are too injured to fight recklessly!
You are too injured to fight recklessly!
You are too injured to fight recklessly!
Okay, then.
The gnoll attacks as you move away! The gnoll barely misses you.
The jackal attacks as you move away! The jackal bites you.
* * * LOW HITPOINT WARNING * * *
The jackal barely misses you. x2
The jackal attacks as you move away! The jackal bites you.
* * * LOW HITPOINT WARNING * * *
The jackal attacks as you move away! The jackal barely misses you.
The jackal bites you.
You die...

............# ....
............#.....
......<)....#.....
.)..........#....
......)..........
.....##.h....#+#
... +......#.#### .
#####...hh.......
#.......g@.......
#................
#................
#....)...........
#................
#.....#..........
#.....)..........
#......############
#....†.#..........#


You could see a gnoll and 3 jackals.

Vanquished Creatures
  3 gnolls (D:3)
  An adder (D:2)
  2 ball pythons
  2 giant cockroaches
  3 goblins
  2 hobgoblins (D:3)
  2 quokkas
  4 bats
  2 frilled lizards
  A rat (D:2)
22 creatures vanquished.

Vanquished Creatures (others)
  96 foxfires
96 creatures vanquished.

Grand Total: 118 creatures vanquished

Notes
Turn   | Place    | Note
-------+----------+-------------------------------------------
     0 | D:1      | purpskrrrp the Deep Elf Fire Elementalist began the quest
                  | for the Orb.
     0 | D:1      | Reached XP level 1. HP: 10/10 MP: 6/6
   840 | D:2      | Reached XP level 2. HP: 15/15 MP: 4/8
  1396 | D:2      | Found Cuonynum's Antique Weapon Emporium.
  1710 | D:3      | Reached XP level 3. HP: 19/19 MP: 9/9
  1762 | D:3      | Identified the ring of Umugh {*Corrode +Blink rPois rC+
                  | Will++}
  1777 | D:3      | Slain by a jackal

Illustrated notes

Levels and vault maps discovered:
D:1:      co_arrival_random_square_maze, layout_basic
D:2:      layout_basic, serial_shops, nicolae_shop_crystal
D:3:      layout_basic

Skill      XL: |  1  2  3 |
---------------+----------+-----
Conjurations   | 2 |  2.6
Dodging        | 3 |  3.1
Stealth        | |  2.4
Spellcasting   | |  3.6
Fire Magic     | |  3.7

Action                     || total
---------------------------++-------
  Melee: Long sword        ||    11
   Cast: Foxfire           ||    58
 Armour: Robe              ||     5
  Dodge: Dodged            ||    13

Table legend: (Time is in decaauts)
 A = Elapsed time spent in this place.
 B = Non-inter-level travel time spent in this place.
 C = Inter-level travel time spent in this place.
 D = Time resting spent in this place.
 E = Time spent auto-exploring this place.
 F = Levels seen in this place.
 G = Mean time per level.
                   A        B        C        D        E       F      G
               +--------+--------+--------+--------+--------+-----+--------+
         Total |   1780 |   1730 |     50 |      0 |   1575 |   3 |  593.3 |
       Dungeon |   1780 |   1730 |     50 |      0 |   1575 |   3 |  593.3 |
               +--------+--------+--------+--------+--------+-----+--------+

Top non-repeatable levels by time:
     D:2: 803 daAuts
     D:1: 798 daAuts
     D:3: 178 daAuts
